 Dungeon Crawl Stone Soup version 0.21-a0-471-gd587bd5 (webtiles) character file.

275711 kae the Bludgeoner (level 20, -7/134 HPs)
             Began as a Gargoyle Fighter on Nov 21, 2017.
             Was the Champion of Okawaru.
             Killed by Lee's Rapid Deconstruction
             ... invoked by a deep troll earth mage
             ... led by an ironheart preserver
              (14 damage)
             ... on level 2 of the Vaults.
             The game lasted 00:55:03 (42707 turns).

kae the Bludgeoner (Gargoyle Fighter)              Turns: 42707, Time: 00:55:04

Health: -7/134     AC: 51    Str: 47    XL:     20   Next: 35%
Magic:  0/31       EV: 15    Int: 11    God:    Okawaru [******]
Gold:   3630       SH:  0    Dex:  9    Spells: 19/19 levels left

rFire    x . .     SeeInvis +   E - +8 great mace of Death {crush, rElec rF- Str+7 SInv}
rCold    . . .     Gourm    .   (shield currently unavailable)
rNeg     + . .     Faith    .   b - +0 storm dragon scales
rPois    ∞         Spirit   +   L - +2 helmet {SInv}
rElec    +         Reflect  .   X - +2 cloak {+Inv}
rCorr    .         Harm     .   B - +2 pair of gloves {Str+3}
MR       +....                  l - +2 pair of boots
Stlth    ..........             d - amulet of guardian spirit
HPRegen  0.32/turn              y - +5 ring of strength
MPRegen  0.22/turn              J - +5 ring of strength

@: heroism, flying
A: big wings, negative energy resistance 1, electricity resistance, unbreathing,
petrification resistance, rot immunity, AC +15
}: 2/15 runes: decaying, serpentine
a: Stop Flying, Heroism, Finesse, Renounce Religion, Evoke Invisibility


You were on level 2 of the Vaults.
You worshipped Okawaru.
Okawaru was exalted by your worship.
You were very hungry.

You visited 8 branches of the dungeon, and saw 35 of its levels.

You collected 3962 gold pieces.
You spent 332 gold pieces at shops.

Inventory:

Hand Weapons
 E - the +8 great mace of Death (weapon) {crush, rElec rF- Str+7 SInv}
   (Okawaru gifted it to you on level 6 of the Lair of Beasts)

   It inflicts extra damage upon your enemies.
   It affects your strength (+7).
   It makes you vulnerable to fire.
   It insulates you from electricity.
   It lets you see invisible.
Missiles
 C - 2 throwing nets (quivered)
Armour
 b - +0 storm dragon scales (worn)
 l - a +2 pair of boots (worn)
 B - a +2 pair of gloves of strength (worn)
 L - a +2 helmet of see invisible (worn)
 X - a +2 cloak of invisibility (worn)
Jewellery
 d - an amulet of guardian spirit (around neck)
 w - a +2 ring of intelligence
 y - a +5 ring of strength (left hand)
 J - a +5 ring of strength (right hand)
 O - an uncursed ring of protection from cold
Wands
 p - a wand of iceblast (11)
 t - a wand of random effects (8)
 u - a wand of acid (18)
 x - a wand of paralysis (6)
 I - a wand of scattershot (7)
 R - a wand of polymorph (53)
 T - a wand of enslavement (8)
 W - a wand of digging (23)
Scrolls
 c - a scroll of holy word
 h - 11 scrolls of teleportation
 i - 5 scrolls of amnesia
 k - 5 scrolls of fog
 m - 11 scrolls of identify
 o - 6 scrolls of blinking
 q - 13 scrolls of remove curse
 D - a scroll of magic mapping
 G - a scroll of enchant armour
 Q - a scroll of brand weapon
 U - 2 scrolls of enchant weapon
 Z - 7 scrolls of fear
Potions
 a - 8 potions of might
 e - 15 potions of curing
 j - 6 potions of heal wounds
 n - 4 potions of resistance
 s - 4 potions of mutation
 v - 3 potions of cancellation
 z - 4 potions of haste
 A - a potion of magic
 H - 3 potions of ambrosia
 K - 3 potions of invisibility
 M - a potion of agility
 P - 5 potions of brilliance
 S - 3 potions of berserk rage
Comestibles
 f - 19 bread rations
 g - 22 meat rations
 r - 30 royal jellies
 F - 39 fruits


   Skills:
 + Level 17.4(22.4) Fighting
 + Level 20.7(25.7) Maces & Flails
 + Level 17.3(22.3) Armour
 + Level 5.4(10.4) Dodging
   Level 7.0(12.0) Shields
 - Level 15.0 Invocations
 + Level 5.5 Evocations


You had 19 spell levels left.
You didn't know any spells.

Dungeon Overview and Level Annotations

Branches:
Dungeon (15/15)            Temple (1/1) D:7            Lair (6/6) D:11
  Swamp (4/4) Lair:3        Snake (4/4) Lair:3        Slime (0/5) Lair:5
    Orc (2/2) D:12            Elf (0/3) Orc:2        Vaults (2/5) D:14
 Depths (1/5) D:15
  Crypt: Vaults:2-3

Altars:
Ashenzari
Cheibriados
Dithmenos
Elyvilon
Fedhas
Gozag
Hepliaklqana
Kikubaaqudgha
Makhleb
Nemelex Xobeh
Okawaru
Qazlal
Ru
Sif Muna
Trog
Uskayaw
Vehumet
Wu Jian
Xom
Yredelemnul
Zin
The Shining One
Beogh
Jiyva

Shops:
D:12 %   Orc:2 ([*:   Snake:1 }}=   Snake:3 *[}}   Depths:1 *

Portals:
Hell: Depths:1


Innate Abilities, Weirdness & Mutations

You are resistant to torment.
Your stone body is resilient. (AC +15)
You are immune to poison.
Your large and strong wings let you fly indefinitely.
You resist negative energy. (rN+)
You are resistant to electric shocks. (rElec)
You can survive without breathing.
You are immune to petrification.
You are immune to rotting.


Message History

The deep troll earth mage gestures at you while chanting.
You shatter!
The ironheart preserver gestures wildly while chanting.
The ironheart preserver begins to accept its allies' injuries.
There is an open door here.
The deep troll earth mage misses you.
The deep troll earth mage claws you but does no damage. x2
The deep troll earth mage barely misses you.
The deep troll earth mage claws you but does no damage.
The deep troll earth mage claws you!
The deep troll earth mage points at you and mumbles some strange words.
You shatter!
* * * LOW HITPOINT WARNING * * *
The deep troll earth mage casts a spell at you.
You shatter!
* * * LOW HITPOINT WARNING * * *
There is a stone staircase leading up here.
The deep troll earth mage points at you and mumbles some strange words.
You shatter!
You die...

..T....... T..Tp.....
#)########## .........T.########
######## ......p...T#..##..#
#..##..# ...........'DT.#..#
#..#...###### ...........##.....#
#.....##..... ...........###T...#
#....###.....
(..........#....@.###......#.....
...........#.......#.......'.....
...........######.....######.....
...........# ##...## #.....
#################.....######.....
#.......#.......'.....
#......###......#..... ###....#
#....###..... ##.....#
#.....##.....


You could see an ice dragon, a deep troll, 2 deep troll earth magi and a deep
troll shaman.

Vanquished Creatures
  Gastronok (Orc:1)
  2 thorn hunters (Swamp:4)
  8 nagarajas
  The ghost of zero the Severer, an adept GrBe of Trog (Vaults:1)
  The ghost of theanonym the Brawler, a journeyman TrMo of Uskayaw (D:15)
  3 fire giants
  Aizul (Snake:4)
  3 orc warlords
  5 ironheart preservers
  A vampire knight (Depths:1)
  The ghost of arkorax the Severer, a journeyman HOMo of Wu Jian (D:12)
  Nessos (Lair:5)
  4 spark wasps (Depths:1)
  3 ettins
  2 yaktaur captains (D:15)
  20 hydras
  2 ogre magi (Vaults:1)
  A great orb of eyes (D:14)
  2 ice dragons (Depths:1)
  2 rakshasas
  A ghost crab (Swamp:3)
  22 naga warriors
  5 anacondas
  14 centaur warriors
  6 alligators
  8 death yaks
  3 orc high priests (Orc:2)
  14 two-headed ogres
  2 tengu warriors (Depths:1)
  5 deep troll shamans
  Urug (D:10)
  4 deep troll earth magi
  4 shock serpents
  15 naga sharpshooters
  5 spriggans
  2 deep elf knights
  Nergalle (D:12)
  An iron troll (Depths:1)
  6 unseen horrors
  A shadow wraith (D:15)
  A spriggan druid (Swamp:2)
  10 deep trolls
  6 shambling mangroves
  3 salamander mystics
  4 skeletal warriors (Vaults:1)
  A fire crab (D:15)
  9 hell knights
  The ghost of kae the Geomancer, a novice GrEE (D:5)
  11 swamp dragons
  3 wizards (Depths:1)
  A lindwurm (shapeshifter) (D:15)
  3 ironbrand convokers (Vaults:1)
  7 naga ritualists
  5 deep elf archers (Vaults:1)
  11 orc knights
  A harpy (Vaults:1)
  6 orc sorcerers
  A deep elf mage (Vaults:1)
  2 wolf spiders
  8 mana vipers
  9 ugly things
  8 cyclopes
  8 manticores
  A cyclops (shapeshifter) (D:14)
  39 black mambas
  11 elephants
  10 salamanders
  Joseph (D:10)
  2 black mambas (shapeshifter) (Depths:1)
  13 naga magi
  2 vault sentinels (Vaults:1)
  12 guardian serpents
  A torpor snail (Lair:4)
  4 gargoyles
  15 spiny frogs
  2 rime drakes
  12 komodo dragons
  6 yaktaurs
  2 kobold demonologists (D:15)
  A komodo dragon (shapeshifter) (D:14)
  14 trolls
  A tengu conjurer (D:13)
  5 tyrant leeches
  15 hornets
  11 polar bears
  A meliai (D:15)
  A hornet (shapeshifter) (D:14)
  9 slime creatures
  2 raiju (Lair:6)
  A hippogriff (shapeshifter) (D:15)
  10 hippogriffs
  7 bog bodies
  24 blink frogs
  14 dream sheep
  4 redbacks (Lair:6)
  3 wraiths
  11 wyverns
  2 vampires (D:15)
  8 shadows
  3 water elementals (Depths:1)
  Grum (D:10)
  34 yaks
  5 hungry ghosts
  12 vampire mosquitoes
  4 basilisks
  A steam dragon (D:10)
  Edmund (D:6)
  55 nagas
  11 wargs
  13 insubstantial wisps
  3 soldier ants
  17 swamp worms
  17 water moccasins
  The ghost of kae the Digger, an amateur GrEE (D:3)
  2 acid dragons
  13 hell hounds (Lair:6)
  6 porcupines
  13 swamp drakes
  5 ice beasts
  6 phantoms
  59 orc warriors
  12 black bears
  6 sky beasts
  7 ogres
  2 eyes of draining
  21 wolves
  2 boggarts
  7 necrophages
  11 centaurs
  14 crocodiles
  3 big kobolds
  2 wyvern zombies
  17 bullfrogs
  5 scorpions
  18 wights
  A killer bee (D:11)
  4 electric eels
  4 centaur zombies
  12 crimson imps
  6 jellies
  6 bullfrog zombies
  6 hounds
  32 orc priests
  2 quasits
  A bullfrog skeleton (D:12)
  A gnoll shaman (D:10)
  33 orc wizards
  Ijyb (D:3)
  6 centaur skeletons
  6 iguanas
  Natasha (thrice) (D:2)
  8 worker ants
  2 killer bee zombies
  A hound zombie (D:9)
  A mummy (D:7)
  3 worker ant zombies
  18 adders
  6 gnolls
  4 shadow imps
  An ooze (D:6)
  3 adder zombies
  2 worms (D:2)
  3 dart slugs
  3 leopard geckos
  112 orcs
  5 bats
  7 giant cockroaches
  A hobgoblin (D:2)
  5 jackals
  15 kobolds
  5 quokkas
  5 frilled lizards
  A giant cockroach zombie (D:6)
  10 goblins
  A quokka zombie (D:7)
  6 rats
  2 briar patches (Swamp:4)
1343 creatures vanquished.

Vanquished Creatures (collateral kills)
  A crocodile (Lair:3)
1 creature vanquished.

Vanquished Creatures (others)
  A vampire mosquito (Swamp:3)
  A naga (Snake:4)
  A quasit (D:10)
  An orc (Orc:2)
  22 fungi
  60 plants
86 creatures vanquished.

Grand Total: 1430 creatures vanquished

Notes
Turn   | Place    | Note
-------+----------+-------------------------------------------
     0 | D:1      | kae the Gargoyle Fighter began the quest for the Orb.
     0 | D:1      | Reached XP level 1. HP: 14/14 MP: 1/1
   325 | D:1      | Noticed an ogre
   326 | D:1      | Noticed an ogre
   327 | D:1      | Reached XP level 2. HP: 19/19 MP: 2/2
   328 | D:1      | Noticed an ogre
   332 | D:1      | Noticed an ogre
  1030 | D:2      | Reached XP level 3. HP: 20/23 MP: 3/3
  1291 | D:2      | Noticed Natasha
  1313 | D:2      | Killed Natasha
  1313 | D:2      | Reached skill level 3 in Maces & Flails
  1313 | D:2      | Reached XP level 4. HP: 16/29 MP: 2/4
  1640 | D:2      | Noticed Natasha
  1653 | D:2      | Killed Natasha
  1653 | D:2      | Reached XP level 5. HP: 20/33 MP: 3/5
  1789 | D:2      | Found a basalt altar of Yredelemnul.
  1845 | D:2      | Found a glowing silver altar of Zin.
  1850 | D:2      | Found a shattered altar of Ashenzari.
  1944 | D:2      | Noticed Natasha
  1965 | D:2      | Killed Natasha
  2273 | D:3      | Reached skill level 4 in Maces & Flails
  2321 | D:3      | Reached XP level 6. HP: 27/39 MP: 6/6
  2527 | D:3      | Noticed kae's ghost (amateur GrEE)
  2556 | D:3      | Killed kae's ghost
  2888 | D:3      | Noticed Ijyb
  2923 | D:3      | Killed Ijyb
  3277 | D:4      | Reached XP level 7. HP: 40/44 MP: 7/7
  3793 | D:4      | Reached skill level 5 in Maces & Flails
  4081 | D:5      | Entered Level 5 of the Dungeon
  4106 | D:5      | Reached skill level 5 in Fighting
  4106 | D:5      | Reached skill level 5 in Armour
  4106 | D:5      | Reached skill level 5 in Shields
  4129 | D:5      | Noticed kae's ghost (novice GrEE)
  4928 | D:4      | Reached XP level 8. HP: 18/50 MP: 8/8
  5146 | D:5      | Killed kae's ghost
  5146 | D:5      | Reached skill level 6 in Maces & Flails
  5220 | D:5      | Reached skill level 7 in Maces & Flails
  5349 | D:5      | Noticed a two-headed ogre
  5363 | D:5      | Killed a two-headed ogre
  5363 | D:5      | Reached skill level 8 in Maces & Flails
  5363 | D:5      | Reached XP level 9. HP: 18/56 MP: 6/9
  5834 | D:6      | Noticed Edmund
  5852 | D:6      | Killed Edmund
  5887 | D:6      | Found a shimmering altar of Xom.
  6912 | D:7      | Noticed a seven-headed hydra
  7128 | D:7      | Reached skill level 9 in Maces & Flails
  7168 | D:7      | Found a staircase to the Ecumenical Temple.
  7192 | Temple   | Entered the Ecumenical Temple
  7303 | Temple   | Became a worshipper of Warmaster Okawaru
  7450 | D:7      | Reached XP level 10. HP: 63/63 MP: 10/10
  7690 | D:7      | Found a runed door.
  7690 | D:7      | Found a runed door.
  7784 | D:7      | Reached skill level 1 in Invocations
  7823 | D:7      | Killed a seven-headed hydra
  7823 | D:7      | Reached * piety under Okawaru
  8301 | D:7      | Killed an unseen horror
  8301 | D:7      | Reached ** piety under Okawaru
  8301 | D:7      | Reached skill level 10 in Maces & Flails
  8715 | D:7      | Noticed a cyclops
  8732 | D:7      | Killed a cyclops
  8773 | D:7      | Reached *** piety under Okawaru
  9064 | D:8      | Reached XP level 11. HP: 69/69 MP: 14/14
  9090 | D:8      | Found a blossoming altar of Fedhas.
  9455 | D:8      | Reached skill level 11 in Maces & Flails
  9580 | D:8      | Found a viscous altar of Jiyva.
  9845 | D:9      | Noticed a centaur warrior
  9855 | D:9      | Killed a centaur warrior
  9855 | D:9      | Reached **** piety under Okawaru
  9855 | D:9      | Reached skill level 5 in Invocations
  9936 | D:9      | Noticed an orc knight
  9959 | D:9      | Killed an orc knight
 10077 | D:9      | Identified the Disquisition on Shifting Boosts
 10390 | D:9      | Found a stormy altar of Qazlal.
 10590 | D:9      | Found a blossoming altar of Fedhas.
 10840 | D:10     | Entered Level 10 of the Dungeon
 10873 | D:10     | Noticed a two-headed ogre
 10878 | D:10     | Noticed a two-headed ogre
 10909 | D:10     | Killed a two-headed ogre
 10909 | D:10     | Reached ***** piety under Okawaru
 10929 | D:10     | Killed a two-headed ogre
 11117 | D:10     | Reached skill level 12 in Maces & Flails
 11197 | D:10     | Noticed an orc knight
 11219 | D:10     | Killed an orc knight
 11219 | D:10     | Reached XP level 12. HP: 71/77 MP: 16/16
 11223 | D:10     | Noticed Urug
 11227 | D:10     | Noticed Grum
 11237 | D:10     | Reached skill level 10 in Fighting
 11237 | D:10     | Reached skill level 10 in Armour
 11701 | D:10     | Killed Grum
 11927 | D:10     | Noticed Joseph
 11941 | D:10     | Noticed a deep elf knight
 11948 | D:10     | Killed Joseph
 11956 | D:10     | Killed a deep elf knight
 11974 | D:10     | Killed Urug
 12240 | D:11     | Noticed a two-headed ogre
 12247 | D:11     | Killed a two-headed ogre
 12639 | D:11     | Noticed a two-headed ogre
 12644 | D:11     | Killed a two-headed ogre
 12644 | D:11     | Reached ****** piety under Okawaru
 12681 | D:11     | Reached skill level 13 in Maces & Flails
 12886 | D:11     | Received a gift from Okawaru
 12992 | D:11     | Found a staircase to the Lair.
 13038 | D:11     | Noticed a five-headed hydra
 13067 | D:11     | Killed a five-headed hydra
 13110 | D:11     | HP: 1/79 [centaur/arrow (7)]
 13660 | D:12     | Found Qooph's Food Shop.
 13813 | D:12     | Reached XP level 13. HP: 78/84 MP: 19/19
 13827 | D:12     | Noticed arkorax's ghost (journeyman HOMo)
 13854 | D:12     | Killed arkorax's ghost
 14137 | D:12     | Found a staircase to the Orcish Mines.
 14513 | D:12     | Noticed Nergalle
 14528 | D:12     | Killed Nergalle
 15231 | Lair:1   | Entered Level 1 of the Lair of Beasts
 16364 | Lair:2   | Found a shadowy altar of Dithmenos.
 16395 | Lair:2   | Reached skill level 14 in Maces & Flails
 16992 | Lair:2   | Received a gift from Okawaru
 17121 | Lair:3   | Identified Voetirois's Incunabulum of the Snowflakes and Envenoming
 17154 | Lair:3   | Found a staircase to the Swamp.
 17712 | Lair:3   | Received a gift from Okawaru
 17929 | Lair:3   | Found a staircase to the Snake Pit.
 18338 | Lair:4   | Found a glowing golden altar of the Shining One.
 18824 | Lair:4   | Gained mutation: Your large and strong wings let you fly indefinitely. [Gargoyle growth]
 18824 | Lair:4   | Reached XP level 14. HP: 78/92 MP: 17/21
 19811 | Lair:5   | Found a viscous altar of Jiyva.
 19811 | Lair:5   | Found a staircase to the Slime Pits.
 19918 | Lair:5   | Reached skill level 10 in Invocations
 19934 | Lair:5   | Received a gift from Okawaru
 19934 | Lair:5   | Reached skill level 15 in Maces & Flails
 19942 | Lair:5   | Got a jewelled dire flail {god gift}
 19943 | Lair:5   | Identified the +1 dire flail "Iqetoov" {chaos, rElec rC- rN+ Str+7} (Okawaru gifted it to you on level 5 of the Lair of Beasts)
 20291 | Lair:5   | Noticed Nessos
 20297 | Lair:5   | Killed Nessos
 20573 | Lair:6   | Entered Level 6 of the Lair of Beasts
 21054 | Lair:6   | Received a gift from Okawaru
 21298 | Lair:6   | Received a gift from Okawaru
 21380 | Lair:6   | Received a gift from Okawaru
 22240 | Lair:6   | Reached XP level 15. HP: 55/98 MP: 10/23
 22255 | Lair:6   | Reached skill level 16 in Maces & Flails
 22906 | Lair:6   | Received a gift from Okawaru
 22929 | Lair:6   | Got a pitted great mace {god gift}
 22930 | Lair:6   | Identified the +8 great mace of Death {crush, rElec rF- Str+7 SInv} (Okawaru gifted it to you on level 6 of the Lair of Beasts)
 23607 | Orc:1    | Entered Level 1 of the Orcish Mines
 23611 | Orc:1    | Received a gift from Okawaru
 23822 | Orc:1    | Noticed Gastronok
 23849 | Orc:1    | Killed Gastronok
 23955 | Orc:1    | Found a bloodstained altar of Trog.
 23966 | Orc:1    | Found a bloodstained altar of Trog.
 24116 | Orc:2    | Entered Level 2 of the Orcish Mines
 24116 | Orc:2    | Noticed an orc warlord
 24125 | Orc:1    | Killed an orc warlord
 24620 | Orc:2    | Found a staircase to the Elven Halls.
 25095 | Orc:2    | Paralysed by an orc sorcerer for 3 turns
 25116 | Orc:2    | Noticed an orc warlord
 25147 | Orc:2    | Killed an orc warlord
 25521 | Orc:2    | Noticed an orc warlord
 25552 | Orc:2    | Killed an orc warlord
 25685 | Orc:2    | Found a roughly hewn altar of Beogh.
 25800 | Orc:2    | Reached skill level 17 in Maces & Flails
 26153 | Orc:2    | Received a gift from Okawaru
 26165 | Orc:2    | Reached XP level 16. HP: 104/105 MP: 25/25
 26236 | Orc:2    | Found Fumept's Antique Armour Shop.
 26237 | Orc:2    | Found Eqyomeul's Antique Weapon Shop.
 26238 | Orc:2    | Found Caontuv's General Store.
 26238 | Orc:2    | Found Xotouf's Book Boutique.
 26242 | Orc:2    | Bought a scroll of identify for 28 gold pieces
 27300 | D:14     | Found a gate to the Vaults.
 27693 | D:14     | Paralysed by a great orb of eyes for 3 turns
 28284 | D:15     | Entered Level 15 of the Dungeon
 28505 | D:15     | Received a gift from Okawaru
 28577 | D:15     | Noticed theanonym's ghost (journeyman TrMo)
 28585 | D:15     | Killed theanonym's ghost
 28596 | D:15     | Found a staircase to the Depths.
 28655 | D:15     | Found a basalt altar of Yredelemnul.
 28656 | D:15     | Found a hide-covered altar of Uskayaw.
 28656 | D:15     | Found a burning altar of Makhleb.
 29346 | D:15     | Reached skill level 18 in Maces & Flails
 29432 | D:15     | Received a gift from Okawaru
 29608 | D:15     | Reached XP level 17. HP: 52/112 MP: 12/26
 30183 | Snake:1  | Entered Level 1 of the Snake Pit
 30938 | Snake:1  | Found Bippiust's Gadget Emporium.
 30939 | Snake:1  | Found Eqaofy's Jewellery Boutique.
 30940 | Snake:1  | Found Vufiom's Gadget Emporium.
 30947 | Snake:1  | Bought a cursed -3 ring of dexterity for 40 gold pieces
 31059 | Snake:2  | Received a gift from Okawaru
 31065 | Snake:2  | Reached skill level 15 in Fighting
 31348 | Snake:2  | Reached skill level 15 in Armour
 32195 | Snake:3  | Found Helixom's Assorted Antiques.
 32202 | Snake:3  | Found Bacwuc's Gadget Shoppe.
 32202 | Snake:3  | Found Himef's Armour Emporium.
 32228 | Snake:3  | Found Wadetaus's Gadget Shoppe.
 32240 | Snake:3  | Bought a +1 pair of gloves of strength for 264 gold pieces
 33262 | Snake:3  | Reached skill level 19 in Maces & Flails
 33787 | Snake:4  | Entered Level 4 of the Snake Pit
 33806 | Snake:4  | Received a gift from Okawaru
 33846 | Snake:4  | Noticed Aizul
 33864 | Snake:4  | Killed Aizul
 34166 | Snake:4  | Reached XP level 18. HP: 78/120 MP: 20/28
 34272 | Snake:4  | Received a gift from Okawaru
 34882 | Snake:4  | Received a gift from Okawaru
 35218 | Snake:4  | Got a serpentine rune of Zot
 35434 | Swamp:1  | Entered Level 1 of the Swamp
 36355 | Swamp:2  | Reached skill level 20 in Maces & Flails
 36812 | Swamp:3  | Reached skill level 1 in Dodging
 37024 | Swamp:3  | Received a gift from Okawaru
 37095 | Swamp:3  | Found a radiant altar of Vehumet.
 37108 | Swamp:3  | Reached XP level 19. HP: 127/127 MP: 30/30
 37435 | Swamp:3  | Reached skill level 15 in Invocations
 37454 | Swamp:4  | Entered Level 4 of the Swamp
 37684 | Swamp:4  | Reached skill level 1 in Evocations
 38601 | Swamp:4  | Got a decaying rune of Zot
 39170 | Depths:1 | Entered Level 1 of the Depths
 39395 | Depths:1 | Received a gift from Okawaru
 40310 | Depths:1 | Found Wenomut's Island Escapes.
 40781 | Depths:1 | Found a gateway to Hell.
 40957 | Vaults:1 | Entered Level 1 of the Vaults
 41076 | Vaults:1 | Noticed zero's ghost (adept GrBe)
 41086 | Vaults:1 | Killed zero's ghost
 41086 | Vaults:1 | Received a gift from Okawaru
 41544 | Vaults:1 | Reached XP level 20. HP: 113/134 MP: 27/31
 42025 | Vaults:1 | Reached skill level 5 in Evocations
 42036 | Vaults:1 | Reached skill level 5 in Dodging
 42706 | Vaults:2 | HP: 6/134 [deep troll earth mage/Lee's Rapid Deconstruction[an ironheart preserver] (18)]
 42707 | Vaults:2 | Killed from afar by a deep troll earth mage

Vault maps used:
D:1:      erik_arrival_cave_to_civilisation, st_stairs_13
D:2:      minitemple, lemuel_coloured_pillars_altar, uniq_natasha
D:3:      uniq_ijyb
D:4:      first_bread
D:5:      serial_corexii_hall, corexii_hall_statues_s, corexii_hall_statues_x
D:6:      xom_butterflies, uniq_edmund
D:7:      minmay_the_grid_triangle_9x9_rhombus_full,
          minmay_temple_entry_statues_pillars, serial_undead, serial_undead_c,
          serial_undead_d, serial_undead_d, serial_undead_b, serial_undead_f,
          serial_undead_b, serial_undead_b, serial_undead_e
D:8:      basic_altar, hangedman_pestilent_swarm, minmay_misc_feat_pillars,
          jiyva_altar_1
D:9:      cheibrodos_fzero, kennysheep_mini_moat, fedhas_altar_4
D:10:     sword_in_stone, uniq_grum
D:11:     lair_entry_dummy
D:12:     david_orc_1_choice, serial_shops, kennysheep_mini, feat_on_display,
          uniq_nergalle
D:13:     minmay_misc_feat_diagonals
D:14:     minmay_mutant_horseshoe, david_vaults_2, minivault_19
D:15:     hangedman_slaughterboxes
Temple:   minmay_crystal_spiral_temple
Lair:2:   basic_altar
Lair:3:   minmay_swamp_entry_eels, guppyfry_snake_entry_island,
          beast_lair_carwin_8
Lair:4:   basic_altar
Lair:5:   dpeg_slime_entry_enclosed_altar, infiniplex_staircase_pool,
          grunt_megastairs_4, uniq_nessos
Lair:6:   hangedman_lair_caniforms_friends, hangedman_lair_tendril_chambers
Swamp:1:  evilmike_swamp_ruin_house_4
Swamp:2:  hangedman_swamp_lotus
Swamp:3:  nicolae_swamp_godswood
Swamp:4:  swamp
Snake:1:  minmay_shop_grove
Snake:2:  lemuel_fruit_tree
Snake:3:  minmay_shoptagon
Snake:4:  johnstein_snake_rune_scales, uniq_aizul
Orc:1:    basic_altar, trog_butcher_becter, uniq_gastronok
Orc:2:    st_orc_congregation, basic_altar
Vaults:1: nicolae_vaults_alarming, ontoclasm_vaults_ring_square,
          hangedman_vaults_capsules, v_misc_17, vaults_room_door_hall,
          nicolae_vaults_big_angled_halls, v_misc_1, v_alt_pattern_1, v_rooms_4,
          dpeg_vaults_monster_box
Vaults:2: minmay_crypt_entry_simple_sparse, nicolae_vaults_big_angled_halls,
          vaults_standard_mumra_x, nicolae_vaults_octagons,
          ontoclasm_vaults_idyll, v_misc_3, hangedman_vaults_pinch, v_misc_31,
          ontoclasm_vaults_ligature, nicolae_vaults_little_squares_6,
          nicolae_vaults_ring_of_whatevers, v_pattern_1,
          nicolae_vaults_hallways_thing, vaults_mumra_lcd,
          nicolae_vaults_yaktaur_gun_rack, uniq_xtahua
Depths:1: grunt_hell_entry_dis_grunt, nicolae_wwwww, minmay_misc_feat_alley,
          kennysheep_diamond, fountainhead, nicolae_island_escapes

Skill      XL: |  1  2  3  4  5  6  7  8  9 10 11 12 13 14 15 16 17 18 19 20 |
---------------+-------------------------------------------------------------+-----
Maces & Flails | 3 4 5 8 9 10 12 13 14 15 17 18 19 20 | 20.7
Fighting       | 4 5 6 7 8 9 11 12 13 14 15 16 17 | 17.4
Armour         | 4 5 6 7 8 9 11 12 13 14 15 16 17 | 17.3
Shields        | 4 5 6 7 |  7.0
Invocations    | 4 6 8 9 11 12 13 14 15 | 15.0
Dodging        | 1 4 5 |  5.4
Evocations     | 4 5 |  5.5

Action                   |  1- 3 |  4- 6 |  7- 9 | 10-12 | 13-15 | 16-18 | 19-21 || total
-------------------------+-------+-------+-------+-------+-------+-------+-------++-------
Melee: Flail             |   138 |   244 |   298 |       |       |       |       ||   680
       Dire flail        |       |       |    69 |   848 |   957 |       |       ||  1874
       Great mace        |       |       |       |       |   644 |  1257 |   552 ||  2453
Invok: Heroism           |       |       |       |     6 |    14 |    15 |     4 ||    39
 Abil: Fly               |       |       |       |       |     1 |       |       ||     1
Evoke: Wand              |       |     1 |     2 |     4 |    15 |       |       ||    22
  Use: Potion            |     2 |     1 |     1 |     6 |     2 |     4 |       ||    16
       Scroll            |       |     7 |     5 |     4 |    16 |     7 |     2 ||    41
 Stab: Distracted        |       |       |       |       |       |     1 |       ||     1
       Confused          |       |       |       |       |       |     2 |       ||     2
  Eat: Chunk             |     1 |     7 |    10 |    25 |    39 |    22 |    13 ||   117
       Fruit             |       |       |     1 |       |     2 |     1 |       ||     4
       Royal jelly       |       |       |     1 |       |       |     2 |       ||     3
       Bread ration      |       |       |       |       |       |     3 |     1 ||     4
Armor: Scale mail        |    78 |   110 |   189 |   469 |   252 |       |       ||  1098
       Skin              |       |    10 |       |       |       |       |       ||    10
       Storm dragon scal |       |       |       |       |   956 |  1207 |   576 ||  2739
Dodge: Dodged            |    38 |    64 |   116 |   321 |   799 |   647 |   323 ||  2308
Block: Shield            |    69 |   126 |   152 |       |       |       |       ||   347

Table legend:
 A = Spawn XP
 B = Non-spawn XP
 C = Spawn XP percentage of total XP
 D = Spawn monster count
 E = Non-spawn monster count
 F = Spawn count percentage of total count
 G = Total turns spent on level
                    A         B        C        D         E        F      G
               +---------+---------+-------+---------+---------+-------+---------
         Total |       0 |  431779 |   0.0 |       0 |    1343 |   0.0 | 42707
               +---------+---------+-------+---------+---------+-------+---------
           D:1 |       0 |      23 |   0.0 |       0 |      16 |   0.0 |   965
           D:2 |       0 |     208 |   0.0 |       0 |      29 |   0.0 |  1170
           D:3 |       0 |     327 |   0.0 |       0 |      21 |   0.0 |  1178
           D:4 |       0 |     535 |   0.0 |       0 |      16 |   0.0 |  1476
           D:5 |       0 |    2132 |   0.0 |       0 |      12 |   0.0 |   971
           D:6 |       0 |     495 |   0.0 |       0 |      17 |   0.0 |  1200
           D:7 |       0 |    5282 |   0.0 |       0 |      49 |   0.0 |  1890
           D:8 |       0 |    2023 |   0.0 |       0 |      34 |   0.0 |   720
           D:9 |       0 |    4022 |   0.0 |       0 |      44 |   0.0 |  1099
          D:10 |       0 |    8017 |   0.0 |       0 |      53 |   0.0 |  1400
          D:11 |       0 |    7581 |   0.0 |       0 |      35 |   0.0 |  1547
          D:12 |       0 |    6038 |   0.0 |       0 |      29 |   0.0 |  1896
          D:13 |       0 |    5432 |   0.0 |       0 |      31 |   0.0 |   748
          D:14 |       0 |    8761 |   0.0 |       0 |      17 |   0.0 |  1165
          D:15 |       0 |   38454 |   0.0 |       0 |      93 |   0.0 |  1942
        Lair:1 |       0 |    3717 |   0.0 |       0 |      18 |   0.0 |   982
        Lair:2 |       0 |    4748 |   0.0 |       0 |      16 |   0.0 |  1075
        Lair:3 |       0 |    8871 |   0.0 |       0 |      38 |   0.0 |  1350
        Lair:4 |       0 |    5171 |   0.0 |       0 |      17 |   0.0 |  1417
        Lair:5 |       0 |    9312 |   0.0 |       0 |      30 |   0.0 |  1210
        Lair:6 |       0 |   37679 |   0.0 |       0 |     137 |   0.0 |  2489
       Swamp:1 |       0 |   13324 |   0.0 |       0 |      32 |   0.0 |   860
       Swamp:2 |       0 |    8272 |   0.0 |       0 |      27 |   0.0 |   553
       Swamp:3 |       0 |    8301 |   0.0 |       0 |      23 |   0.0 |   745
       Swamp:4 |       0 |   27259 |   0.0 |       0 |      49 |   0.0 |  1274
       Snake:1 |       0 |   10011 |   0.0 |       0 |      26 |   0.0 |   889
       Snake:2 |       0 |    8787 |   0.0 |       0 |      16 |   0.0 |   761
       Snake:3 |       0 |   32497 |   0.0 |       0 |      58 |   0.0 |  2018
       Snake:4 |       0 |   55319 |   0.0 |       0 |      88 |   0.0 |  1562
         Orc:1 |       0 |    6747 |   0.0 |       0 |      37 |   0.0 |  1291
         Orc:2 |       0 |   17129 |   0.0 |       0 |     111 |   0.0 |  1306
      Vaults:1 |       0 |   52967 |   0.0 |       0 |      83 |   0.0 |  1628
      Vaults:2 |       0 |    2326 |   0.0 |       0 |       2 |   0.0 |   122
      Depths:1 |       0 |   30012 |   0.0 |       0 |      39 |   0.0 |  1637
               +---------+---------+-------+---------+---------+-------+---------
